 Dungeon Crawl Stone Soup version 0.21-a0-185-g3a6ed1e (webtiles) character file.

113 Deeps the Skirmisher (level 4, 0/38 HPs)
             Began as a Demonspawn Fighter on Aug 13, 2017.
             Slain by an orc
             ... wielding a +0 mace
              (2 damage)
             ... on level 3 of the Dungeon.
             The game lasted 00:03:33 (1692 turns).

Deeps the Skirmisher (Demonspawn Fighter)           Turns: 1692, Time: 00:03:34

Health: 0/38       AC:  7    Str: 22    XL:     4   Next: 65%
Magic:  4/4        EV:  7    Int:  9    God:
Gold:   45         SH: 10    Dex: 13    Spells: 3/3 levels left

rFire    . . .     SeeInvis .   a - +0 war axe
rCold    . . .     Gourm    .   c - +1 shield
rNeg     . . .     Faith    .   b - +0 scale mail
rPois    +         Spirit   .   (no helmet)
rElec    .         Reflect  .   (no cloak)
rCorr    .         Harm     .   (no gloves)
MR       .....                  (no boots)
Stlth    ..........             (no amulet)
HPRegen  0.12/turn              l - ring of poison resistance
MPRegen  0.09/turn              (no ring)

@: mighty
A: claws 1, rugged brown scales 1, rot immunity
a: no special abilities


You were on level 3 of the Dungeon.
You were hungry.

You visited 1 branch of the dungeon, and saw 3 of its levels.

You collected 45 gold pieces.

Inventory:

Hand Weapons
 a - a +0 war axe (weapon)
Armour
 b - a +0 scale mail (worn)
 c - a +1 shield (worn)
Jewellery
 l - a ring of poison resistance (left claw)
Scrolls
 h - a scroll of magic mapping
 j - a scroll of teleportation {unknown}
 k - a scroll of recharging
Potions
 e - a potion of lignification
Books
 i - a book of Misfortune

   Spells                             Type                      Level
   a - Confusing Touch                Hexes                        1
   b - Confuse                        Hexes                        3
   c - Gell's Gravitas                Translocation                3
   d - Petrify                        Transmutation/Earth          4
   e - Metabolic Englaciation         Hexes/Ice                    5
   f - Yara's Violent Unravelling     Hexes/Transmutation          5
Comestibles
 f - 2 bread rations
 g - a meat ration
 m - a royal jelly


   Skills:
 + Level 4.2 Fighting
 + Level 3.4 Axes
 - Level 2.6 Armour
 - Level 2.6 Shields


You had 3 spell levels left.
You didn't know any spells.

Dungeon Overview and Level Annotations

Branches:
Dungeon (3/15)

Altars:
Xom


Innate Abilities, Weirdness & Mutations

You have sharp fingernails.
You are partially covered in rugged brown scales. (AC +1, +3% HP)
You are immune to rotting.


Message History

You closely miss the orc. You closely miss something. You slash the orc!
You kill the orc!
Something hits you but does no damage.
The orc wizard hits you but does no damage.
The orc hits you but does no damage. Something hits you but does no damage.
The hobgoblin hits you but does no damage.
The orc wizard points at you and mumbles some strange words.
The magic dart hits you! The orc closely misses you.
Your shield prevents you from hitting the orc wizard.
The orc wizard is heavily wounded.
You barely miss the orc. You hit something.
Reactivating autopickup.
You feel a bit more experienced.
You barely miss the hobgoblin. You block the orc wizard's attack.
You block the hobgoblin's attack. The orc barely misses you.
The orc wizard points at you and mumbles some strange words.
The puff of frost hits you!
* * * LOW HITPOINT WARNING * * *
The orc hits you with a mace.
You die...

#. #########
###.####.......#
........>....?#
####............
.........(.....
...........#
........K..#
......†goo.####
.......o@.....#
......###.....#
######## ......
#.....# #......#
###### #.....#
#.####.# ####.....#
#.#<.#.# .........#
#....#.#
.........########.#
.........'........#
.........##########


You could see an orc wizard, 2 orcs, a hobgoblin and a kobold.

Vanquished Creatures
  An orc wizard (D:3)
  An adder (D:2)
  2 oozes (D:2)
  2 worms (D:2)
  A leopard gecko (D:3)
  2 orcs (D:3)
  4 bats
  4 giant cockroaches
  9 goblins
  3 hobgoblins (D:2)
  12 jackals
  2 quokkas
  A ball python (D:1)
  3 frilled lizards
  2 kobolds
  8 rats
57 creatures vanquished.

Notes
Turn   | Place    | Note
-------+----------+-------------------------------------------
     0 | D:1      | Deeps the Demonspawn Fighter began the quest for the Orb.
     0 | D:1      | Reached XP level 1. HP: 18/18 MP: 1/1
   178 | D:1      | Gained mutation: You are partially covered in rugged brown scales. (AC +1, +3% HP) [demonic ancestry]
   178 | D:1      | Reached XP level 2. HP: 18/24 MP: 2/2
   848 | D:2      | Gained mutation: You have sharp fingernails. [demonic ancestry]
   848 | D:2      | Reached XP level 3. HP: 27/29 MP: 3/3
  1266 | D:2      | Found a shimmering altar of Xom.
  1267 | D:2      | Found a shimmering altar of Xom.
  1267 | D:2      | Found a shimmering altar of Xom.
  1295 | D:2      | Gained mutation: You are immune to rotting. [demonic ancestry]
  1295 | D:2      | Reached XP level 4. HP: 25/38 MP: 4/4
  1302 | D:2      | Reached skill level 4 in Fighting
  1692 | D:3      | Slain by an orc

Vault maps used:
D:1:      dpeg_arrival_pits, minmay_misc_feat_tower
D:2:      corexii_hall_statues_i, minmay_misc_feat_doors, xom_redecorated
D:3:      supply_closet_lemuel, serial_bayou_pond_e, uniq_ijyb

Skill      XL: |  1  2  3  4 |
---------------+-------------+-----
Axes           | 2 3 |  3.4
Fighting       | 4 |  4.2
Armour         | |  2.6
Shields        | |  2.6

Action                   |  1- 3 |  4- 6 || total
-------------------------+-------+-------++-------
Melee: War axe           |   117 |    37 ||   154
  Use: Scroll            |     4 |       ||     4
       Potion            |     4 |     1 ||     5
  Eat: Chunk             |     1 |     1 ||     2
Armor: Scale mail        |    62 |    36 ||    98
Dodge: Dodged            |    33 |    20 ||    53
Block: Shield            |    54 |    31 ||    85
